 Dungeon Crawl Stone Soup version 0.27-a0-1158-gaa87e14f67 (webtiles) character file.

Game seed: 2207455245316464837

1711271 Charly the Soothsayer (level 27, 165/165 HPs)
             Began as a Vine Stalker Gladiator on May 14, 2021.
             Was a Priest of Nemelex Xobeh.
             Escaped with the Orb
             ... and 3 runes on May 15, 2021!
             The game lasted 04:12:27 (70248 turns).

Charly the Soothsayer (Vine Stalker Gladiator)     Turns: 70248, Time: 04:12:28

Health: 165/165    AC: 50    Str: 28    XL:     27
Magic:  40/40      EV: 12    Int: 17    God:    Nemelex Xobeh [***...]
Gold:   3770       SH:  0    Dex: 18    Spells: 26/26 levels left

rFire    + + +     SeeInvis .   n - +7 lajatang of Kabikuga {holy, rN+}
rCold    + + +     Faith    .   (shield currently unavailable)
rNeg     + . .     Spirit   +   c - +5 gold dragon scales
rPois    +         Reflect  .   G - +1 helmet {Int+3}
rElec    +         Harm     .   p - +4 dragonskin cloak
rCorr    +         Rampage  .   J - +2 pair of gloves
Will     +++++                  I - +0 pair of boots
Stlth    ..........             h - amulet "Obaxiah" {RegenMP rElec Int+6}
HPRegen  1.37/turn              f - ring of False Pretenses {rF+ Will+ Slay+4}
MPRegen  0.52/turn              L - ring of the Tortoise {AC+8}

@: no status effects
A: fangs 3, regeneration 1, magic shield, antimagic bite, no potion heal 2, cold
resistance 1, deterioration 1, strong-willed 1, screaming 2, evolution 1
0: Orb of Zot
}: 3/15 runes: decaying, serpentine, silver
a: Renounce Religion, Draw Escape, Draw Destruction, Draw Summoning, Draw Stack,
Triple Draw


You escaped.
You worshipped Nemelex Xobeh.
Nemelex Xobeh was most pleased with you.
You visited 9 branches of the dungeon, and saw 47 of its levels.
You also visited: Gauntlet, Ice Cave and Volcano.

You collected 10355 gold pieces.
You spent 6585 gold pieces at shops.

Inventory:

Hand Weapons
 a - the +3 sling "Punk" {acid, rCorr}
   (You bought it in a shop on level 6 of the Dungeon)

   It protects you from acid and corrosion.
 b - a +8 vampiric lajatang
 n - the +7 lajatang of Kabikuga (weapon) {holy, rN+}
   (You found it on level 1 of the Snake Pit)

   It has been blessed by the Shining One to cause great damage to the undead
   and demons.
   It protects you from negative energy.
Missiles
 d - 27 curare-tipped darts (quivered)
 t - 91 sling bullets
Armour
 c - +5 gold dragon scales (worn)
 p - the +4 dragonskin cloak (worn)
   (You took it off Tiamat on level 2 of the Realm of Zot)
 G - a +1 helmet of intelligence (worn)
 I - a +0 pair of boots (worn)
 J - a +2 pair of gloves (worn)
Jewellery
 e - a ring of protection from fire
 f - the ring of False Pretenses (left hand) {rF+ Will+ Slay+4}
   (You acquired it on level 4 of the Vaults)

   [ring of willpower]

   It affects your accuracy and damage with ranged weapons and melee attacks
   (+4).
   It protects you from fire.
   It increases your willpower.
 h - the amulet "Obaxiah" (around neck) {RegenMP rElec Int+6}
   (You took it off a white draconian on level 2 of the Realm of Zot)

   [amulet of magic regeneration]

   It increases your rate of magic regeneration.
   It affects your intelligence (+6).
   It insulates you from electricity.
 i - a ring of see invisible
 v - a ring of ice
 L - the ring of the Tortoise (right hand) {AC+8}
   (You bought it in a shop on level 2 of the Orcish Mines)

   [ring of protection]

   It affects your AC (+8).
Wands
 s - a wand of charming (22)
 D - a wand of digging (17)
 N - a wand of paralysis (37)
 T - a wand of acid (30)
 U - a wand of iceblast (106)
Scrolls
 k - 4 scrolls of blinking
 u - 3 scrolls of holy word
 x - 5 scrolls of summoning
 y - 4 scrolls of immolation
 A - 33 scrolls of teleportation
 F - 6 scrolls of vulnerability
 K - 9 scrolls of fear
 M - 2 scrolls of magic mapping
 V - 2 scrolls of silence
 W - a scroll of brand weapon
 X - 4 scrolls of fog
Potions
 g - 3 potions of magic
 j - 5 potions of flight
 l - 9 potions of attraction
 o - 4 potions of ambrosia
 q - 5 potions of might
 r - 5 potions of lignification
 C - 12 potions of curing
 E - 5 potions of resistance
 O - 2 potions of cancellation
 P - 2 potions of haste
 Q - 4 potions of berserk rage
 R - 3 potions of invisibility
Miscellaneous
 m - a phial of floods
 w - a condenser vane
 z - a phantom mirror
 B - a lightning rod (4/4)
 H - a box of beasts
 S - a tin of tremorstones (2/2)


   Skills:
 + Level 23.6 Fighting
 - Level 14.0 Staves
 - Level 13.9(14.0) Slings
 - Level 1.7(9.4) Throwing
 - Level 20.0 Armour
 - Level 10.0 Dodging
 - Level 2.0 Stealth
 - Level 4.0 Shields
 + Level 25.5 Invocations
 - Level 10.0 Evocations


You had 26 spell levels left.
You didn't know any spells.
Your spell library contained the following spells:

 Spells                   Type           Power      Damage    Failure   Level
 Animate Skeleton         Necr           0%         N/A       95%         1
 Apportation              Tloc           0%         N/A       95%         1
 Beastly Appendage        Tmut           0%         N/A       95%         1
 Foxfire                  Conj/Fire      0%         2x1d4     95%         1
 Freeze                   Ice            0%         1d3       95%         1
 Magic Dart               Conj           0%         1d3       95%         1
 Pain                     Necr           0%         1d4       95%         1
 Sandblast                Erth           0%         2d4       95%         1
 Shock                    Conj/Air       0%         1d3       95%         1
 Sting                    Tmut/Pois      0%         1d3       95%         1
 Summon Small Mammal      Summ           0%         N/A       95%         1
 Blink                    Tloc           N/A        N/A       99%         2
 Call Imp                 Summ           0%         N/A       99%         2
 Corpse Rot               Necr/Air       N/A        N/A       99%         2
 Ensorcelled Hibernation  Hex/Ice        0%         N/A       99%         2
 Passwall                 Tmut/Erth      0%         N/A       99%         2
 Poisonous Vapours        Pois/Air       0%         N/A       99%         2
 Searing Ray              Conj           0%         3d3       99%         2
 Slow                     Hex            0%         N/A       99%         2
 Static Discharge         Conj/Air       0%         N/A       99%         2
 Sublimation of Blood     Necr           0%         N/A       99%         2
 Wereblood                Tmut           0%         N/A       99%         2
 Call Canine Familiar     Summ           0%         N/A       100%        3
 Conjure Flame            Conj/Fire      0%         6-21      100%        3
 Dazzling Flash           Conj/Hex       0%         N/A       100%        3
 Frozen Ramparts          Ice            0%         1d2       100%        3
 Ignite Poison            Fire/Tmut/Pois 0%         N/A       100%        3
 Inner Flame              Hex/Fire       0%         N/A       100%        3
 Lesser Beckoning         Tloc           0%         N/A       100%        3
 Mephitic Cloud           Conj/Pois/Air  0%         N/A       100%        3
 Ozocubu's Armour         Ice            0%         N/A       100%        3
 Spider Form              Tmut/Pois      0%         N/A       100%        3
 Stone Arrow              Conj/Erth      0%         3d7       100%        3
 Summon Guardian Golem    Hex/Summ       0%         N/A       100%        3
 Swiftness                Air            0%         N/A       100%        3
 Tukima's Dance           Hex            0%         N/A       100%        3
 Vampiric Draining        Necr           0%         2d6       100%        3
 Airstrike                Air            0%         N/A       100%        4
 Animate Armour           Summ/Erth      0%         N/A       100%        4
 Animate Dead             Necr           0%         N/A       100%        4
 Cause Fear               Hex            0%         N/A       100%        4
 Dispel Undead            Necr           0%         3d6       100%        4
 Fulminant Prism          Conj/Hex       0%         3d6       100%        4
 Hailstorm                Conj/Ice       0%         3d3       100%        4
 Ice Form                 Ice/Tmut       0%         N/A       100%        4
 Iskenderun's Mystic Bla  Conj/Tloc      0%         2d3       100%        4
 Olgreb's Toxic Radiance  Pois           0%         N/A       100%        4
 Passage of Golubria      Tloc           N/A        N/A       100%        4
 Petrify                  Tmut/Erth      0%         N/A       100%        4
 Sticky Flame             Conj/Fire      0%         2d3       100%        4
 Summon Ice Beast         Ice/Summ       0%         N/A       100%        4
 Summon Lightning Spire   Summ/Air       0%         N/A       100%        4
 Agony                    Necr           0%         N/A       100%        5
 Alistair's Intoxication  Tmut/Pois      0%         N/A       100%        5
 Borgnjor's Vile Clutch   Necr/Erth      0%         N/A       100%        5
 Excruciating Wounds      Necr           0%         N/A       100%        5
 Fireball                 Conj/Fire      0%         3d3       100%        5
 Hydra Form               Tmut           0%         N/A       100%        5
 Irradiate                Conj/Tmut      0%         3d14      100%        5
 Lee's Rapid Deconstruct  Erth           0%         3d5*      100%        5
 Lightning Bolt           Conj/Air       0%         1d11      100%        5
 Metabolic Englaciation   Hex/Ice        0%         N/A       100%        5
 Silence                  Hex/Air        0%         N/A       100%        5
 Summon Forest            Summ/Tloc      0%         N/A       100%        5
 Summon Mana Viper        Hex/Summ       0%         N/A       100%        5
 Yara's Violent Unravell  Hex/Tmut       0%         3d3       100%        5
 Freezing Cloud           Conj/Ice/Air   0%         6-21      100%        6
 Invisibility             Hex            0%         N/A       100%        6
 Shadow Creatures         Summ           N/A        N/A       100%        6
 Simulacrum               Ice/Necr       0%         N/A       100%        6
 Haunt                    Necr/Summ      0%         N/A       100%        7
 Malign Gateway           Summ/Tloc      0%         N/A       100%        7
 Monstrous Menagerie      Summ           0%         N/A       100%        7
 Ozocubu's Refrigeration  Ice            0%         4d5       100%        7
 Summon Hydra             Summ           0%         N/A       100%        7
 Borgnjor's Revivificati  Necr           0%         N/A       100%        8
 Discord                  Hex            0%         N/A       100%        8
 Infestation              Necr           0%         N/A       100%        8
 Necromutation            Tmut/Necr      0%         N/A       100%        8
 Summon Horrible Things   Summ           0%         N/A       100%        8
 Death's Door             Necr           0%         N/A       100%        9


Dungeon Overview and Level Annotations

Branches:
Dungeon (15/15)            Temple (1/1) D:6            Lair (6/6) D:9
  Swamp (4/4) Lair:3        Snake (4/4) Lair:4        Slime (0/5) Lair:5
    Orc (2/2) D:9             Elf (0/3) Orc:2        Vaults (5/5) D:13
  Crypt (0/3) Vaults:2     Depths (5/5) D:15            Zot (5/5) Depths:5
  IceCv (visited)         Volcano (visited)         Gauntlet (visited)

Altars:
Fedhas
Hepliaklqana
Kikubaaqudgha
Makhleb
Nemelex Xobeh
Okawaru
Qazlal
Ru
Sif Muna
Trog
Vehumet
Wu Jian
Xom
The Shining One
Beogh

Shops:
D:6 (   D:13 !   Orc:2 [?[=   Snake:4 *!   Vaults:1 ([   Depths:1 *

Portals:
Hell: Depths:1 Depths:2 Depths:3 Depths:4 Depths:5
Abyss: Depths:4 Depths:5
Pandemonium: Depths:3
Ziggurat: Depths:4
Trove: D:12 (give +3 ice dragon scales)

Annotations:
Lair:2 1 runed translucent door, GrimJard's ghost, journeyman MiBe


Innate Abilities, Weirdness & Mutations

You have razor-sharp teeth.
Your natural rate of healing is unusually fast.
When hurt, damage is shared between your health and your magic reserves.
Your bite disrupts and absorbs the magic of your enemies.
Potions cannot restore your health.
Your flesh is cold resistant. (rC+)
Your body sometimes deteriorates upon taking damage.
You are strong-willed. (Will+)
You frequently scream uncontrollably at your foes.
You evolve.


Message History

Wyuzunic is moderately wounded.
Wyuzunic falters for a moment.
You slash Wyuzunic!
Wyuzunic convulses!!
You bite Wyuzunic!!
Wyuzunic's magic leaks into the air.
You drain its magic.
Wyuzunic is heavily wounded.
Wyuzunic falters for a moment.
You slice Wyuzunic!!
Wyuzunic convulses.
You bite Wyuzunic!
Wyuzunic's magic leaks into the air.
You drain its magic.
Wyuzunic is severely wounded.
Wyuzunic falters for a moment.
You hit Wyuzunic but do no damage. Your bite misses Wyuzunic.
Wyuzunic is severely wounded.
Wyuzunic tail-slaps you but does no damage.
You slice Wyuzunic!!
Wyuzunic convulses.
You bite Wyuzunic!
Wyuzunic's magic leaks into the air.
You drain its magic.
Wyuzunic is almost dead.
Wyuzunic closely misses you.
You closely miss Wyuzunic. You bite Wyuzunic, but do no damage.
Wyuzunic is almost dead.
Wyuzunic tail-slaps you but does no damage.
Wyuzunic falters for a moment.
You hit Wyuzunic but do no damage. You bite Wyuzunic.
Wyuzunic's magic leaks into the air.
You drain its magic.
Wyuzunic is almost dead.
Wyuzunic falters for a moment.
You completely miss Wyuzunic. You bite Wyuzunic.
You kill Wyuzunic!
(D) Dungeon (T) Temple (L) Lair (S) Swamp (P) Snake Pit (M) Slime Pits (O) Orcish Mines (E) Elven Halls (V) Vaults (C) Crypt (U) Depths (H) Hell (Z) Zot
Where to? (Enter - D:1 @ (x,y), ? - help)
There is an escape hatch in the ceiling here.
A mysterious force pulls you upwards. The hatch slams shut behind you.
There is a stone staircase leading up here.
You climb upwards.
There is a stone staircase leading down here.
There is an open gate here.
There is a staircase leading out of the dungeon here.
You have escaped!

.....##.##.#######.#
#.##.##.#..........#
#.##.##......#######
.....####....#
#............#
####...###..######
###.# #..#8.#.# #.#
#..#'#..#
#.###...'#.@#
####.#....#'#..#
#)........#8.#.#
#.##.#.##.######
#.##....#.#
###.##.#.#..#
....#..#.##.##
##...........#
.......#.##.##


There were no monsters in sight!

Vanquished Creatures
  Tiamat (Zot:2)
  4 dread liches (Zot:5)
  3 orbs of fire
  2 ancient liches
  3 juggernauts (Depths:5)
  Frederick (Vaults:2)
  Sojobo (Vaults:2)
  A Killer Klown (Zot:5)
  3 curse toes
  2 caustic shrikes (Depths:5)
  24 golden dragons
  Nikola (Depths:1)
  4 electric golems
  A Brimstone Fiend (Depths:5)
  A Tzitzimitl (Zot:2)
  2 pandemonium lords
  23 tentacled monstrosities
  An Ice Fiend (D:6)
  A Hell Sentinel (Depths:1)
  25 Orb Guardians
  12 liches
  2 titans
  11 quicksilver dragons
  2 ancient champions
  8 death cobs
  Frances (Swamp:1)
  7 sphinxes
  5 draconian monks
  The ghost of Killmatronix the Fighter, an adept DgHu (Snake:1)
  18 storm dragons
  18 shadow dragons
  9 tengu reavers
  2 fenstrider witches
  2 nagarajas (Snake:4)
  11 frost giants
  16 fire giants
  3 draconian knights (Zot:1)
  11 vault wardens
  3 ghost moths
  4 iron dragons
  6 draconian scorchers
  An orc warlord (Vaults:2)
  2 deep elf sorcerers (Vaults:5)
  6 draconian shifters
  2 balrugs
  A cacodemon (Depths:5)
  A deep elf elementalist (Depths:5)
  Aizul (Vaults:4)
  A ghoul (Vaults:2)
  2 draconian stormcallers
  6 spriggan defenders
  2 reapers
  12 ironbound preservers
  22 stone giants
  7 draconian annihilators
  5 war gargoyles
  16 very ugly things
  16 green draconians
  10 black draconians
  5 bunyips
  7 vampire knights
  A deep elf annihilator (Vaults:5)
  4 dire elephants (Vaults:1)
  7 red draconians
  12 yellow draconians
  A deep elf demonologist (Depths:5)
  8 purple draconians
  3 entropy weavers
  A minotaur (Gauntlet)
  12 white draconians
  4 eleionomae
  5 spark wasps
  3 crystal guardians
  4 blizzard demons
  23 fire dragons
  5 jiangshi
  5 deep elf high priests
  A shambling mangrove (Swamp:3)
  2 deep elf death magi
  13 ettins
  3 rakshasas
  7 yaktaur captains
  12 great orbs of eyes
  9 naga warriors
  3 ironbound thunderhulks
  Erolcha (D:13)
  25 ice dragons
  3 salamander tyrants (Snake:4)
  7 boulder beetles
  33 vault guards
  An ice dragon (shapeshifter) (Depths:5)
  5 spriggan air magi
  21 hydras
  2 ghost crabs
  A hell beast (Depths:3)
  A peacekeeper (Vaults:2)
  14 anacondas
  15 centaur warriors
  3 ironbound frosthearts
  4 ogre magi
  9 catoblepae
  2 dancing weapons (Depths:4)
  A death yak (shapeshifter) (Vaults:5)
  8 alligators
  An alligator snapping turtle (Vaults:1)
  7 death yaks (Lair:6)
  8 tengu warriors
  An alligator (shapeshifter) (Vaults:5)
  9 two-headed ogres
  2 hell hogs (Depths:1)
  6 vampire magi
  6 deep troll shamans
  8 deep troll earth magi
  5 shock serpents
  Nergalle (Orc:2)
  3 ironbound beastmasters
  3 hell knights
  11 naga sharpshooters
  5 spriggan berserkers
  5 skeletal warriors (D:14)
  2 sun demons (Depths:1)
  4 iron trolls
  2 salamander mystics
  A fire crab (Swamp:4)
  23 deep trolls
  5 goliath frogs
  A shadow demon (D:14)
  2 death drakes (Zot:4)
  2 flayed ghosts
  3 spriggan druids
  A glowing orange brain (shapeshifter) (Vaults:5)
  7 swamp dragons
  2 bog bodies (Swamp:1)
  3 phantasmal warriors
  3 glowing orange brains
  15 ironbound convokers
  7 naga ritualists (Snake:4)
  7 lindwurms
  A harpy (Vaults:2)
  14 wizards
  A faun (shapeshifter) (Vaults:5)
  5 necromancers
  6 orc knights
  5 deep elf pyromancers
  4 deep elf zephyrmancers
  A mana viper (shapeshifter) (Depths:1)
  A harpy (shapeshifter) (D:14)
  3 mana vipers
  A stone giant zombie (Vaults:4)
  7 orc sorcerers (Orc:2)
  A wolf spider (shapeshifter) (Vaults:5)
  15 salamanders
  A manticore (shapeshifter) (Vaults:4)
  2 will-o-the-wisps (Swamp:1)
  3 cyclopes
  51 ugly things
  5 manticores
  Joseph (D:7)
  7 elephants
  A cyclops (shapeshifter) (Vaults:2)
  24 moths of wrath
  A guardian serpent (shapeshifter) (Depths:5)
  8 vault sentinels
  2 eyes of devastation
  3 ice statues
  3 orange demons
  27 black mambas
  A cane toad (shapeshifter) (D:15)
  12 cane toads
  6 gargoyles
  12 guardian serpents
  19 naga magi
  7 rime drakes
  A kobold demonologist (D:13)
  An unseen horror (shapeshifter) (Depths:3)
  A yaktaur zombie (Vaults:4)
  2 efreet
  9 komodo dragons
  11 ice devils
  6 tengu conjurers
  22 yaktaurs
  2 freezing wraiths
  A jumping spider (Snake:1)
  A polar bear (Lair:5)
  A red devil (Depths:1)
  8 trolls
  A wind drake (shapeshifter) (D:11)
  7 tyrant leeches
  2 raiju
  2 dream sheep (shapeshifter)
  9 hornets
  24 slime creatures
  13 blink frogs
  A snapping turtle (shapeshifter) (Vaults:5)
  Sigmund (D:4)
  5 shadows
  A yak (shapeshifter) (D:13)
  An ettin skeleton (Vaults:4)
  2 tarantellas (Vaults:4)
  2 vampires
  6 wraiths
  3 wyverns
  2 air elementals (Depths:4)
  A redback (Vaults:4)
  A water elemental (Depths:1)
  56 yaks
  9 spriggans
  A ynoxinul (Depths:1)
  A golden eye (shapeshifter) (Depths:5)
  6 fire bats (Volcano)
  A steam dragon (Swamp:4)
  7 basilisks
  A hog (shapeshifter) (Vaults:5)
  5 vampire mosquitoes
  A neqoxec (Depths:1)
  Menkaure (D:7)
  30 nagas
  8 acid dragons
  5 wargs
  13 swamp worms
  12 water moccasins
  A water moccasin (shapeshifter) (Depths:5)
  A hell hound (Gauntlet)
  Duvessa (D:7)
  2 floating eyes
  12 swamp drakes
  A sky beast (shapeshifter) (D:14)
  24 orc warriors
  2 sky beasts
  An ice beast (shapeshifter) (Depths:3)
  An ogre (shapeshifter) (Snake:1)
  4 boggarts
  2 necrophages (D:6)
  11 ogres
  A tengu (Snake:1)
  A centaur (shapeshifter) (D:15)
  17 wolves
  A wolf (shapeshifter) (Vaults:5)
  15 centaurs
  6 kobold brigands
  2 earth elementals (Depths:4)
  A bullfrog (shapeshifter) (Vaults:5)
  9 bullfrogs
  3 gnoll sergeants
  A scorpion (D:4)
  A human skeleton (Vaults:4)
  2 water moccasin skeletons
  13 killer bees
  4 electric eels
  8 wights
  6 howler monkeys
  8 lava snakes
  12 orc priests
  5 centaur zombies
  2 jellies
  Crazy Yiuf (D:4)
  A gnoll shaman (D:9)
  3 hounds
  A centaur skeleton (D:6)
  4 iguanas
  29 orc wizards
  A howler monkey zombie (D:7)
  15 gnolls
  6 adders
  A shadow imp (D:6)
  22 white imps
  9 ufetubi
  2 adder skeletons
  3 dart slugs
  A worm (Orc:2)
  69 orcs
  A bat zombie (D:5)
  5 endoplasms
  5 giant cockroaches
  5 goblins
  6 hobgoblins
  13 kobolds
  4 quokkas
  2 ball pythons
  7 bats
  2 frilled lizards
  3 rats
1826 creatures vanquished.

Vanquished Creatures (collateral kills)
  A Killer Klown (Zot:5)
  A caustic shrike (Depths:5)
  Jorgrun (Orc:1)
  An Orb Guardian (Zot:5)
  A tengu reaver (Vaults:5)
  Agnes (Vaults:2)
  A fire giant (Depths:3)
  2 vault wardens
  A very ugly thing (Depths:1)
  A spriggan defender (Vaults:2)
  A jiangshi (Depths:1)
  2 centaur warriors (Vaults:4)
  Urug (Lair:6)
  A naga sharpshooter (Snake:4)
  A salamander mystic (Snake:3)
  2 deep trolls (Vaults:4)
  A naga ritualist (Snake:4)
  An ironbound convoker (Vaults:4)
  6 ugly things
  A salamander (Snake:3)
  A moth of wrath (Zot:5)
  A vault sentinel (Vaults:4)
  A torpor snail (Snake:4)
  A cane toad (Snake:4)
  2 yaktaurs
  An ice devil (IceCv)
  A rime drake (Zot:1)
  A red devil (D:15)
  A jumping spider (Vaults:4)
  A hornet (Vaults:5)
  A naga (Snake:2)
40 creatures vanquished.

Vanquished Creatures (others)
  A deep elf sorcerer (Depths:4)
  A draconian knight (Zot:3)
  An ice dragon (Depths:1)
  4 hydras (Swamp:4)
  A deep troll earth mage (Depths:1)
  2 swamp dragons (Swamp:4)
  A cyclops (Lair:4)
  A meliai (Zot:2)
  A tyrant leech (Depths:1)
  An air elemental (Depths:4)
  3 steam dragons (Swamp:4)
  2 swamp drakes (Swamp:4)
  A black bear (Lair:4)
  An orc wizard (Orc:2)
  3 ufetubi (IceCv)
  An orc (Orc:1)
  6 foxfires (Swamp:1)
  55 fungi
  52 plants
138 creatures vanquished.

Grand Total: 2004 creatures vanquished

Notes
Turn   | Place    | Note
-------+----------+-------------------------------------------
     0 | D:1      | Charly the Vine Stalker Gladiator began the quest for the
                  | Orb.
     0 | D:1      | Reached XP level 1. HP: 11/11 MP: 2/2
   163 | D:1      | Reached skill level 1 in Stealth
   201 | D:1      | Reached XP level 2. HP: 15/15 MP: 3/3
   746 | D:2      | Reached XP level 3. HP: 19/19 MP: 4/4
   867 | D:2      | Gained mutation: Your natural rate of healing is unusually
                  | fast. [Vine Stalker growth]
   867 | D:2      | Reached XP level 4. HP: 23/24 MP: 3/5
  1551 | D:2      | Reached XP level 5. HP: 13/30 MP: 1/6
  2119 | D:4      | You fall into a shaft and drop 1 floor!
  2119 | D:5      | Entered Level 5 of the Dungeon
  2169 | D:5      | Found an ancient bone altar of Kikubaaqudgha.
  2232 | D:5      | Reached skill level 5 in Fighting
  2274 | D:4      | Noticed Sigmund
  2401 | D:4      | Reached XP level 6. HP: 33/35 MP: 5/7
  3287 | D:5      | Noticed a sky beast
  3343 | D:5      | Killed a sky beast
  3344 | D:5      | Reached XP level 7. HP: 32/39 MP: 8/8
  3453 | D:5      | Reached skill level 5 in Staves
  3691 | D:4      | Killed Sigmund
  3862 | D:4      | Found a runed translucent door.
  3863 | D:4      | Noticed Crazy Yiuf
  3871 | D:4      | Killed Crazy Yiuf
  4191 | D:6      | Found a sacrificial altar of Ru.
  4248 | D:6      | Gained mutation: You have razor-sharp teeth. [Vine Stalker
                  | growth]
  4248 | D:6      | Reached XP level 8. HP: 34/44 MP: 9/9
  4485 | D:6      | Noticed a glowing shapeshifter
  4485 | D:6      | an ice beast changed into a glowing shapeshifter
  4485 | D:6      | Noticed a merfolk
  4485 | D:6      | a glowing shapeshifter changed into a merfolk
  4488 | D:6      | Noticed a dream sheep
  4488 | D:6      | a merfolk changed into a dream sheep
  4491 | D:6      | Killed a dream sheep
  4576 | D:6      | Found Ixtumoc's Weapon Boutique.
  4600 | D:6      | Found a glowing golden altar of the Shining One.
  4666 | D:6      | Reached XP level 9. HP: 50/50 MP: 10/10
  4749 | D:6      | Found a staircase to the Ecumenical Temple.
  4835 | Temple   | Entered the Ecumenical Temple
  4841 | Temple   | Became a worshipper of Nemelex Xobeh the Trickster
  5022 | D:7      | Noticed Menkaure
  5022 | D:7      | Noticed Dowan
  5024 | D:7      | Noticed Duvessa
  5026 | D:7      | Killed Menkaure
  5027 | D:7      | Reached skill level 1 in Invocations
  5027 | D:7      | Noticed Dowan
  5027 | D:7      | Dowan changed into Dowan the howler monkey
  5035 | D:7      | Killed Duvessa
  5039 | D:7      | Killed Dowan the howler monkey
  5213 | D:7      | Reached skill level 2 in Invocations
  5547 | D:7      | Noticed Joseph
  5583 | D:7      | Killed Joseph
  5625 | D:7      | Reached skill level 3 in Invocations
  5687 | D:8      | Reached * piety under Nemelex Xobeh
  5867 | D:8      | Reached skill level 4 in Invocations
  5867 | D:8      | Reached XP level 10. HP: 50/57 MP: 14/14
  6155 | D:8      | Found an ornate altar of the Wu Jian Council.
  6192 | D:8      | Reached skill level 5 in Invocations
  6287 | D:8      | Received a gift from Nemelex Xobeh
  6578 | D:9      | Found a staircase to the Orcish Mines.
  6963 | D:9      | Found a staircase to the Lair.
  7098 | D:9      | Reached ** piety under Nemelex Xobeh
  7509 | D:10     | Entered Level 10 of the Dungeon
  7539 | D:10     | Reached skill level 6 in Invocations
  7748 | D:10     | Identified the +8 hunting sling of Valuable Assets {freeze,
                  | rElec Int+6}
  7873 | D:10     | Reached skill level 1 in Evocations
  8116 | D:11     | Noticed a five-headed hydra
  8130 | D:11     | Killed a five-headed hydra
  8131 | D:11     | Reached skill level 1 in Slings
  8178 | D:11     | Reached XP level 11. HP: 41/62 MP: 12/16
  8234 | D:11     | Found a frozen archway.
  8260 | IceCv    | Entered an ice cave
  8478 | IceCv    | Reached skill level 7 in Invocations
  8882 | IceCv    | Reached skill level 10 in Fighting
  9410 | IceCv    | Reached skill level 10 in Staves
  9426 | IceCv    | Noticed a reaper
  9473 | IceCv    | Killed a reaper
  9533 | IceCv    | Found the +8 whip "Snakebite" {curare, rPois}
  9556 | IceCv    | Identified the +10 trident "Hulaahia" {vamp, Str+5}
  9557 | IceCv    | Identified the +6 spear "Yruico" {freeze, rC- rN+ Dex+2
                  | Stlth+}
  9558 | IceCv    | Upgraded the game from 0.27-a0-1154-gfdeffcb720 to
                  | 0.27-a0-1158-gaa87e14f67
  9768 | D:11     | Reached skill level 8 in Invocations
  9817 | D:11     | Identified the +0 pair of boots "Meopei" {Int+5 Stlth-}
 10349 | Lair:1   | Entered Level 1 of the Lair of Beasts
 10364 | Lair:1   | Noticed a four-headed hydra
 10465 | Lair:1   | Killed a four-headed hydra
 10466 | Lair:1   | Reached skill level 5 in Evocations
 10550 | Lair:1   | Reached XP level 12. HP: 67/67 MP: 19/19
 10568 | Lair:1   | Reached skill level 5 in Slings
 10640 | Lair:1   | Reached skill level 9 in Invocations
 10728 | Lair:1   | Reached *** piety under Nemelex Xobeh
 10854 | Lair:1   | Received a gift from Nemelex Xobeh
 11388 | Lair:2   | Found a gate leading to a gauntlet.
 11392 | Lair:2   | Noticed a boulder beetle
 11424 | Lair:2   | Killed a boulder beetle
 11439 | Gauntlet | Entered a Gauntlet
 11439 | Gauntlet | Found a transporter.
 11439 | Gauntlet | Noticed a catoblepas
 11449 | Gauntlet | Found a transporter.
 11451 | Gauntlet | Found a transporter.
 11452 | Gauntlet | Found a transporter.
 11463 | Gauntlet | Found a transporter.
 11464 | Gauntlet | Found a transporter.
 11468 | Gauntlet | Found a transporter.
 11475 | Gauntlet | Found a transporter.
 11475 | Gauntlet | Found a transporter.
 11476 | Gauntlet | Found a transporter.
 11484 | Gauntlet | Found a transporter.
 11484 | Gauntlet | Noticed a blizzard demon
 11487 | Gauntlet | Found a transporter.
 11488 | Gauntlet | Found a transporter.
 11493 | Gauntlet | Noticed a balrug
 11497 | Gauntlet | Found a transporter.
 11587 | Gauntlet | Killed a catoblepas
 11588 | Gauntlet | Reached skill level 10 in Invocations
 11862 | Gauntlet | Killed a blizzard demon
 11940 | Gauntlet | Noticed a blizzard demon
 11940 | Gauntlet | a balrug changed into a blizzard demon
 11947 | Gauntlet | Killed a blizzard demon
 11997 | Gauntlet | Identified the ring "Tywnit" {MP+9 Int+6 Dex-3}
 12016 | Gauntlet | Noticed a minotaur
 12022 | Gauntlet | Killed a minotaur
 12039 | Gauntlet | Identified the ring of Sloth {*Corrode Fly rPois rF+ Dex+2}
 12202 | Lair:2   | Found a runed translucent door.
 12203 | Lair:2   | Noticed GrimJard's ghost (journeyman MiBe)
 12226 | Lair:2   | Noticed an eight-headed hydra
 12230 | Lair:2   | Reached skill level 11 in Invocations
 12236 | Lair:2   | Killed an eight-headed hydra
 12237 | Lair:2   | Reached skill level 1 in Armour
 12237 | Lair:2   | Reached XP level 13. HP: 59/72 MP: 22/22
 12351 | Lair:2   | Received a gift from Nemelex Xobeh
 12380 | Lair:2   | Reached **** piety under Nemelex Xobeh
 12919 | Lair:3   | Found a dark tunnel.
 12923 | Lair:3   | Received a gift from Nemelex Xobeh
 12936 | Volcano  | Entered a volcano
 13133 | Volcano  | Noticed a red draconian
 13138 | Volcano  | Noticed an entropy weaver
 13138 | Volcano  | a red draconian changed into an entropy weaver
 13141 | Volcano  | Killed an entropy weaver
 13193 | Volcano  | Found a burning altar of Makhleb.
 13218 | Volcano  | Found a burning altar of Makhleb.
 13466 | Lair:3   | Found a staircase to the Swamp.
 14341 | D:6      | Bought the +3 sling "Punk" {acid, rCorr} for 846 gold
                  | pieces
 14341 | D:6      | Found the +3 sling "Punk" {acid, rCorr}
 14595 | Lair:4   | Found a staircase to the Snake Pit.
 14657 | Lair:4   | Reached skill level 12 in Invocations
 15310 | Lair:4   | Reached ***** piety under Nemelex Xobeh
 15891 | Lair:5   | Reached XP level 14. HP: 77/77 MP: 24/24
 15902 | Lair:5   | Received a gift from Nemelex Xobeh
 15966 | Lair:5   | Reached skill level 10 in Slings
 15966 | Lair:5   | Reached skill level 5 in Armour
 15966 | Lair:5   | Reached XP level 15. HP: 81/81 MP: 25/25
 16241 | Lair:5   | Found a staircase to the Slime Pits.
 16358 | Lair:6   | Entered Level 6 of the Lair of Beasts
 16428 | Lair:6   | Noticed Urug
 16436 | Lair:6   | Killed Urug
 16550 | Lair:6   | Reached skill level 13 in Invocations
 17089 | Lair:6   | Received a gift from Nemelex Xobeh
 17659 | D:12     | Found a portal to a secret trove of treasure.
 17906 | D:12     | Received a gift from Nemelex Xobeh
 18292 | D:12     | Reached XP level 16. HP: 86/88 MP: 27/27
 18722 | D:13     | Identified the +9 hand axe "Hydra's Death Toll" {freeze,
                  | Contam +Blink rElec SInv}
 18913 | D:13     | Found Opsan's Distillery.
 19098 | D:13     | Reached skill level 14 in Invocations
 19164 | D:13     | Noticed Erolcha
 19168 | D:13     | Killed Erolcha
 19318 | D:13     | Received a gift from Nemelex Xobeh
 19369 | D:13     | Found a gate to the Vaults.
 19375 | D:13     | Identified the ring "Gutifob" {Fly Int+3}
 20327 | D:14     | Reached skill level 1 in Shields
 20469 | D:15     | Entered Level 15 of the Dungeon
 20748 | D:15     | Received a gift from Nemelex Xobeh
 21003 | D:15     | Found a staircase to the Depths.
 21048 | D:15     | Received a gift from Nemelex Xobeh
 21063 | D:15     | Reached ****** piety under Nemelex Xobeh
 21111 | D:15     | Identified the -1 trident of Dissatisfaction {vorpal, rElec
                  | rF- rCorr Str+3}
 21573 | Orc:1    | Entered Level 1 of the Orcish Mines
 21694 | Orc:1    | Received a gift from Nemelex Xobeh
 21735 | Orc:1    | Noticed Jorgrun
 21736 | Orc:1    | Identified the +2 trident "Dragon's Tongue" {antimagic,
                  | *Rage rPois rN+}
 21742 | Orc:1    | Killed Jorgrun
 22046 | Orc:2    | Entered Level 2 of the Orcish Mines
 22122 | Orc:2    | Found a shimmering altar of Xom.
 22178 | Orc:2    | Received a gift from Nemelex Xobeh
 22353 | Orc:2    | Found a staircase to the Elven Halls.
 22409 | Orc:2    | Reached XP level 17. HP: 95/95 MP: 29/29
 22497 | Orc:2    | Found Fevval's Antique Armour Shoppe.
 22549 | Orc:2    | Found an ancient bone altar of Kikubaaqudgha.
 22549 | Orc:2    | Noticed Nergalle
 22564 | Orc:2    | Killed Nergalle
 22589 | Orc:2    | Found Umoas's Antique Armour Shoppe.
 22618 | Orc:2    | Found a radiant altar of Vehumet.
 22678 | Orc:2    | Found Aczinur's Jewellery Shoppe.
 22703 | Orc:2    | Found Wusun's Magic Scroll Emporium.
 23396 | Orc:2    | Bought a runed plate armour for 676 gold pieces
 23623 | D:13     | Bought a potion of curing for 39 gold pieces
 23623 | D:13     | Bought a potion of curing for 39 gold pieces
 23623 | D:13     | Bought a potion of curing for 39 gold pieces
 23623 | D:13     | Bought a potion of curing for 39 gold pieces
 23623 | D:13     | Bought a potion of flight for 39 gold pieces
 23623 | D:13     | Bought 2 potions of might for 104 gold pieces
 23623 | D:13     | Bought a potion of resistance for 130 gold pieces
 23623 | D:13     | Bought a potion of berserk rage for 65 gold pieces
 23853 | Snake:1  | Entered Level 1 of the Snake Pit
 23925 | Snake:1  | Received a gift from Nemelex Xobeh
 23939 | Snake:1  | Reached skill level 15 in Invocations
 24097 | Snake:1  | Found a large runed translucent door.
 24097 | Snake:1  | Found a large runed translucent door.
 24723 | Snake:1  | Noticed Killmatronix's ghost (adept DgHu)
 25079 | Snake:1  | Identified the +0 hand axe of Malaise {holy, Int+6}
 25102 | Snake:1  | Killed Killmatronix's ghost
 25116 | Snake:1  | Identified the +7 lajatang of Kabikuga {holy, rN+}
 25348 | Snake:2  | Identified the -2 quarterstaff "Xoshraim" {pain, rPois rF+
                  | rC-}
 25530 | Snake:2  | Identified the +2 ring mail of Xiquhuz {Will- rCorr Slay+4}
 26360 | Snake:3  | Received a gift from Nemelex Xobeh
 26372 | Snake:3  | Identified the +0 quarterstaff "Ogreslayer" {flame, rElec
                  | Str+3 Stlth+}
 27077 | Snake:4  | Entered Level 4 of the Snake Pit
 27077 | Snake:4  | Noticed Louise
 27093 | Snake:4  | Noticed Louise
 27093 | Snake:4  | Louise changed into Louise the bunyip
 27120 | Snake:3  | Killed Louise the bunyip
 27293 | Snake:4  | Found Etatuel's Distillery.
 27293 | Snake:4  | Found Sazab's Assorted Antiques.
 27301 | Snake:4  | Bought a potion of flight for 42 gold pieces
 27301 | Snake:4  | Bought a potion of resistance for 140 gold pieces
 27301 | Snake:4  | Bought a potion of curing for 42 gold pieces
 27301 | Snake:4  | Bought a potion of haste for 140 gold pieces
 27301 | Snake:4  | Bought a potion of resistance for 140 gold pieces
 27301 | Snake:4  | Bought a potion of flight for 42 gold pieces
 27538 | Snake:4  | Received a gift from Nemelex Xobeh
 27757 | Snake:4  | Received a gift from Nemelex Xobeh
 27819 | Snake:4  | Reached XP level 18. HP: 96/101 MP: 30/30
 28114 | Snake:4  | Received a gift from Nemelex Xobeh
 28264 | Snake:4  | Reached skill level 5 in Dodging
 28476 | Snake:4  | Reached skill level 16 in Invocations
 28667 | Snake:4  | Got a serpentine rune of Zot
 28884 | Swamp:1  | Entered Level 1 of the Swamp
 29157 | Swamp:1  | Reached skill level 10 in Armour
 29234 | Swamp:1  | Noticed Frances
 29242 | Swamp:1  | Identified the -2 hand axe of Havoc {vorpal, *Rage +Rage
                  | rC+ Dex+2}
 29251 | Swamp:1  | Killed Frances
 29511 | Swamp:1  | Received a gift from Nemelex Xobeh
 30614 | Swamp:3  | Reached XP level 19. HP: 107/107 MP: 32/32
 30839 | Swamp:3  | Received a gift from Nemelex Xobeh
 31404 | Swamp:4  | Entered Level 4 of the Swamp
 32229 | D:6      | Bought 22 sling bullets for 143 gold pieces
 33795 | Swamp:4  | Got a decaying rune of Zot
 34154 | Vaults:1 | Entered Level 1 of the Vaults
 34650 | Vaults:1 | Reached skill level 15 in Fighting
 34895 | Vaults:1 | Received a gift from Nemelex Xobeh
 35420 | Vaults:1 | Found Bore's Weapon Boutique.
 35511 | Vaults:1 | Found Duen Dia's Antique Armour Emporium.
 35624 | Vaults:2 | Received a gift from Nemelex Xobeh
 35649 | Vaults:2 | Noticed Frederick
 35649 | Vaults:2 | Noticed Agnes
 35655 | Vaults:2 | Killed Agnes
 35656 | Vaults:2 | Noticed Sojobo
 35673 | Vaults:2 | Killed Frederick
 35697 | Vaults:2 | Killed Sojobo
 35698 | Vaults:2 | Reached skill level 17 in Invocations
 35851 | Vaults:2 | Reached XP level 20. HP: 113/113 MP: 33/33
 36117 | Vaults:2 | Found a staircase to the Crypt.
 36138 | Vaults:2 | Identified the +9 fustibalus "Weycy" {speed, rPois Stlth+}
 37161 | Vaults:2 | Received a gift from Nemelex Xobeh
 37167 | Vaults:2 | Identified the +6 quarterstaff "Buer" {vorpal, rC++}
 37631 | Vaults:2 | Received a gift from Nemelex Xobeh
 38733 | Vaults:3 | Received a gift from Nemelex Xobeh
 39600 | Vaults:4 | Identified a scroll of acquirement
 39605 | Vaults:4 | Acquired the ring of False Pretenses {rF+ Will+ Slay+4}
 40252 | Vaults:4 | Received a gift from Nemelex Xobeh
 40781 | Vaults:4 | Noticed Aizul
 40785 | Vaults:4 | Killed Aizul
 40831 | Vaults:4 | Reached XP level 21. HP: 71/119 MP: 14/34
 41285 | Vaults:4 | Identified the +11 quarterstaff of the Hummingbird {flame,
                  | rN+ Will+}
 41293 | Vaults:4 | Identified the +2 long sword of Bloody Death {venom, Will+}
 41359 | Vaults:4 | Received a gift from Nemelex Xobeh
 41491 | Vaults:4 | Identified the +4 glaive of the Apocalypse {protect, Str+3
                  | Int+4 Dex+3}
 42099 | Depths:1 | Entered Level 1 of the Depths
 42099 | Depths:1 | Found Biemuur's Elemental Accessories.
 42256 | Depths:1 | Reached skill level 18 in Invocations
 42310 | Depths:1 | Noticed Nikola
 42317 | Depths:1 | Reached skill level 10 in Evocations
 42324 | Depths:1 | Killed Nikola
 42669 | Depths:1 | Found a gateway to Hell.
 42837 | Depths:1 | Received a gift from Nemelex Xobeh
 43709 | Depths:1 | Received a gift from Nemelex Xobeh
 44141 | Depths:2 | Reached XP level 22. HP: 126/126 MP: 36/36
 44155 | Depths:2 | Found a glowing golden altar of the Shining One.
 44796 | Depths:2 | Received a gift from Nemelex Xobeh
 45135 | Depths:3 | Noticed a golden dragon
 45144 | Depths:3 | Identified the +0 long sword of the Endless March {flame,
                  | Int+3}
 45155 | Depths:3 | a golden dragon changed into a shadow dragon
 45186 | Depths:2 | Reached skill level 15 in Armour
 45220 | Depths:2 | Reached skill level 19 in Invocations
 45563 | Depths:3 | Noticed a golden dragon
 45579 | Depths:3 | Killed a golden dragon
 45963 | Depths:3 | Received a gift from Nemelex Xobeh
 46423 | Depths:3 | Found a one-way gate leading to the halls of Pandemonium.
 46767 | Depths:3 | Received a gift from Nemelex Xobeh
 47458 | Orc:2    | Bought the ring of the Tortoise {AC+8} for 2048 gold pieces
 47458 | Orc:2    | Found the ring of the Tortoise {AC+8}
 47910 | Depths:4 | Reached XP level 23. HP: 127/133 MP: 35/37
 47915 | Depths:4 | Reached skill level 20 in Invocations
 48130 | Depths:4 | Found a gateway to a ziggurat.
 48828 | Depths:4 | Identified the +3 great sword of Hepliaklqana's Whim
                  | {vorpal, rF+ Stlth+}
 48895 | Depths:4 | Found a one-way gate to the infinite horrors of the Abyss.
 48949 | Depths:4 | Noticed an ancient lich
 48955 | Depths:4 | Killed an ancient lich
 48969 | Depths:4 | Identified the +9 morningstar "Uvvikajoi" {drain, rF+
                  | Dex+5}
 48974 | Depths:4 | Identified the ring of Okonuxziekh {AC+4 Str+3}
 49136 | Depths:5 | Entered Level 5 of the Depths
 49154 | Depths:5 | Received a gift from Nemelex Xobeh
 49377 | Depths:5 | Noticed a golden dragon
 49385 | Depths:5 | Killed a golden dragon
 49418 | Depths:5 | Found a glowing golden altar of the Shining One.
 49418 | Depths:5 | Found a hazy altar of Hepliaklqana.
 49419 | Depths:5 | Found a radiant altar of Vehumet.
 49513 | Depths:5 | Found a gate to the Realm of Zot.
 49826 | Depths:5 | Noticed a juggernaut
 49838 | Depths:5 | Killed a juggernaut
 49912 | Depths:5 | Reached skill level 21 in Invocations
 49998 | Depths:5 | Identified the Catalogue of the Five People
 50107 | Depths:5 | Noticed a caustic shrike
 50115 | Depths:5 | Killed a caustic shrike
 50289 | Depths:5 | Reached XP level 24. HP: 140/141 MP: 38/38
 50706 | Vaults:1 | Bought a glowing helmet for 240 gold pieces
 50999 | Depths:5 | Received a gift from Nemelex Xobeh
 51026 | Depths:5 | Noticed a juggernaut
 51037 | Depths:5 | Killed a juggernaut
 51233 | Depths:5 | Noticed a caustic shrike
 51250 | Depths:5 | Killed a caustic shrike
 51280 | Depths:5 | Noticed a caustic shrike
 51293 | Depths:5 | Killed a caustic shrike
 51471 | Depths:5 | Noticed a juggernaut
 51493 | Depths:5 | Killed a juggernaut
 51512 | Depths:5 | Reached skill level 22 in Invocations
 52304 | Vaults:5 | Entered Level 5 of the Vaults
 53622 | Vaults:5 | Reached XP level 25. HP: 78/148 MP: 18/39
 53762 | Vaults:5 | Identified the +10 hand axe of Dissatisfaction {elec,
                  | Contam rPois Int+4}
 53802 | Vaults:5 | Identified the +4 scale mail of Jushriph {Int+3}
 54027 | Vaults:5 | Received a gift from Nemelex Xobeh
 54032 | Vaults:5 | Identified the +7 mace "Nuiwkad" {protect, rF- rN+++ Str-2
                  | Int+8}
 54285 | Vaults:5 | Identified the +7 dagger "Bing" {vorpal, rF+ rN+}
 54348 | Vaults:5 | Noticed an ancient lich
 54350 | Vaults:5 | Banished an ancient lich
 54941 | Vaults:5 | Got a silver rune of Zot
 55596 | Zot:1    | Entered Level 1 of the Realm of Zot
 56094 | Orc:2    | Bought the ring of Nosud {Ice rElec} for 624 gold pieces
 56430 | Snake:4  | Bought a scroll of immolation for 126 gold pieces
 56430 | Snake:4  | Bought a potion of haste for 360 gold pieces
 56430 | Snake:4  | Bought a scroll of holy word for 270 gold pieces
 56430 | Snake:4  | Bought a scroll of teleportation for 108 gold pieces
 57648 | Zot:1    | Found the +3 giant club "Skullcrusher" {speed, Str+7}
 57807 | Zot:1    | Identified the +2 glaive of Okawaru's Scorn {vamp, +Rage
                  | Str+2 Int+4 Dex-3}
 57832 | Zot:1    | Noticed an orb of fire
 57838 | Zot:1    | Gained mutation: Your body sometimes deteriorates upon
                  | taking damage. [an orb of fire]
 57840 | Zot:1    | Gained mutation: Armour fits poorly on your strangely
                  | shaped body. [an orb of fire]
 57849 | Zot:1    | Killed an orb of fire
 57862 | Zot:1    | Reached XP level 26. HP: 111/146 MP: 28/39
 58210 | Depths:1 | Lost mutation: Your body sometimes deteriorates upon taking
                  | damage. [potion of mutation]
 58210 | Depths:1 | Lost mutation: Armour fits poorly on your strangely shaped
                  | body. [potion of mutation]
 58210 | Depths:1 | Gained mutation: Armour fits poorly on your strangely
                  | shaped body. [potion of mutation]
 58210 | Depths:1 | Gained mutation: You are weak. (Str -2) [potion of
                  | mutation]
 58210 | Depths:1 | Gained mutation: Your spells are a little harder to cast,
                  | but a little more powerful. [potion of mutation]
 58367 | D:13     | Bought a potion of mutation for 104 gold pieces
 58367 | D:13     | Lost mutation: You are weak. (Str -2) [potion of mutation]
 58367 | D:13     | Lost mutation: Armour fits poorly on your strangely shaped
                  | body. [potion of mutation]
 58367 | D:13     | Lost mutation: Your spells are a little harder to cast, but
                  | a little more powerful. [potion of mutation]
 58367 | D:13     | Gained mutation: You evolve. [potion of mutation]
 58367 | D:13     | Gained mutation: Your flesh is cold resistant. (rC+)
                  | [potion of mutation]
 58367 | D:13     | Gained mutation: You are frail. (-10% HP) [potion of
                  | mutation]
 58696 | Zot:1    | Received a gift from Nemelex Xobeh
 59039 | Zot:1    | Reached skill level 10 in Dodging
 59580 | Zot:1    | Identified the +4 fustibalus of Incongruity {flame, Fly rC+
                  | Will+}
 59922 | Zot:2    | Received a gift from Nemelex Xobeh
 60310 | Zot:2    | Identified the +10 rapier "Rexte" {venom, Will+ Str+4 Int+3
                  | Dex-4}
 60310 | Zot:2    | Identified the amulet "Obaxiah" {RegenMP rElec Int+6}
 60512 | Zot:2    | Reached skill level 23 in Invocations
 60660 | Zot:2    | Identified the +6 great sword of Exhibitionism {speed,
                  | Contam rElec Int+6 Stlth+}
 60660 | Zot:2    | Found the +4 dragonskin cloak
 60660 | Zot:2    | Noticed Tiamat
 60694 | Zot:2    | Killed Tiamat
 60793 | Zot:2    | Identified the Volume of the Blaze and Confrontation
 61262 | Zot:2    | Received a gift from Nemelex Xobeh
 61379 | Zot:2    | Lost mutation: You are frail. (-10% HP) [evolution]
 61506 | Zot:2    | Identified the +1 plate armour of Lies {rN+}
 61567 | Zot:3    | Reached XP level 27. HP: 156/160 MP: 37/39
 62191 | Zot:3    | Received a gift from Nemelex Xobeh
 63358 | Zot:4    | Reached skill level 24 in Invocations
 63431 | Zot:4    | Received a gift from Nemelex Xobeh
 63703 | Zot:4    | Identified the +1 scale mail of Hepliaklqana's Pride {rElec
                  | Int+6}
 64407 | Zot:5    | Entered Level 5 of the Realm of Zot
 64407 | Zot:5    | Received a gift from Nemelex Xobeh
 64408 | Zot:5    | Noticed a dread lich
 64408 | Zot:5    | Noticed an orb of fire
 64414 | Zot:5    | Identified the -1 trident of the Wasteland {vorpal, Will-
                  | rCorr SInv}
 65513 | Zot:5    | Noticed an ancient lich
 65531 | Zot:5    | Killed an ancient lich
 65532 | Zot:5    | Noticed a dread lich
 65541 | Zot:5    | Killed a dread lich
 65908 | Zot:5    | Noticed an orb of fire
 65910 | Zot:5    | Gained mutation: Your body sometimes deteriorates upon
                  | taking damage. [an orb of fire]
 65924 | Zot:5    | Killed an orb of fire
 65938 | Zot:5    | Gained mutation: You are strong-willed. (Will+) [evolution]
 66341 | Zot:5    | Noticed a dread lich
 66343 | Zot:5    | Gained mutation: You occasionally shout uncontrollably at
                  | your foes. [a cacodemon]
 66353 | Zot:5    | Killed a dread lich
 67003 | Zot:5    | Gained mutation: You frequently scream uncontrollably at
                  | your foes. [an orb of fire]
 67008 | Zot:5    | Killed an orb of fire
 67432 | Zot:5    | Killed a dread lich
 67445 | Zot:5    | Reached skill level 25 in Invocations
 68072 | Zot:5    | Noticed a dread lich
 68097 | Zot:5    | Killed a dread lich
 69235 | Zot:5    | Received a gift from Nemelex Xobeh
 69517 | Zot:5    | Got the Orb of Zot
 69859 | Depths:1 | Noticed Mecac the pandemonium lord
 69860 | Depths:1 | ??????????????????????????????????????????????
 69863 | Depths:1 | Killed Mecac the pandemonium lord
 69949 | D:15     | Noticed Kitaamm the pandemonium lord
 69949 | D:15     | Identified the -1 long sword "Keofar" {drain, rF+ rCorr
                  | Str+4 Dex+4}
 70199 | D:3      | Noticed Wyuzunic the pandemonium lord
 70212 | D:3      | Killed Wyuzunic the pandemonium lord
 70248 | D:$      | Escaped with the Orb!

Illustrated notes

##..#### ##.....## #......# ####
##...#...## #.)....# #..##
##...###...## # #......####..##
##...## ##...###
##..##........###...## ##...#.
######.......1.#...## ##....
##.##.#.........3..## ##...
....).#...)....)..## ####
##.##.[[......&.@[.##############
#.####....[.3.....[..........+..
##+####...[.......[....)......###
.....####'########'##'###'#......
.....[..........).(##.###>#.≈≈≈≈≈
.....#.....###..##.##.....#.≈###≈
.....#.##### ##..≈########'.≈# #≈
.....#.# #..§≈# ##.≈###≈ .....#.#
##..≈≈## #.≈≈≈≈≈


Turn 69860 on Depths:1: ??????????????????????????????????????????????

Levels and vault maps discovered:
D:1:      saegor_arrival_simple_c, layout_loops_ring,
          chequers_serial_rivers_large_a
D:2:      layout_rooms, st_stairs_5, minmay_crystal_room
D:3:      layout_rooms, item_on_display_a
D:4:      layout_cave_pools, uniq_crazy_yiuf_cottage, uniq_sigmund
D:5:      layout_loops_cross, lemuel_zombie_altar_kikubaaqudgha
D:6:      layout_basic, tso_metal_star, hangedman_ru_absence,
          minmay_temple_entry_trees, serial_shops, nicolae_shop_stone
D:7:      layout_rooms, uniq_menkaure, uniq_duvessa, uniq_joseph
D:8:      layout_cave_pools, nicolae_overflow_crystal_walls
D:9:      layout_loops_corners, david_lair_shrubbed, orc_0_dummy
D:10:     layout_rooms
D:11:     layout_roguey, portal_ice_cave_entry_imps
D:12:     minmay_the_grid_octo_tiled_squarecenter [minmay_the_grid_octo_empty,
          minmay_the_grid_octo_fan_narrow, minmay_the_grid_octo_clover_2,
          minmay_the_grid_octo_horde,
          minmay_the_grid_square_5x5_megaprize_hollow,
          minmay_the_grid_square_5x5_checkered_sparse,
          minmay_the_grid_square_5x5_c, minmay_the_grid_square_5x5_bridge,
          minmay_the_grid_square_5x5_half_checkered], layout_rooms,
          nicolae_trove_entry_free_sample, serial_bayou_pond_d
D:13:     layout_roguey, david_vaults_4, serial_shops, shop, uniq_erolcha
D:14:     layout_roguey, hangedman_decor_riveting, minmay_misc_feat_enclosed
D:15:     hangedman_depths_entry_civil_slaughter, layout_irregular_city,
          hangedman_decor_opposing
Temple:   eino_narrow_crystal_temple
Lair:1:   layout_loops_ring, chequers_serial_rivers_marsh
Lair:2:   layout_regular_city, gauntlet_entry_generic,
          ebering_ghost_inner_flame, st_stairs_4, lemuel_fruit_tree
Lair:3:   layout_concentric_octagons, nicolae_swamp_entry_splash_gauntlet,
          nicolae_volcano_entry_hallway, chequers_serial_rivers_micro_d
Lair:4:   layout_layer_cave, guppyfry_snake_entry_garden, serial_bayou_shore_b
Lair:5:   layout_concentric_octagons, slime_dummy, serial_bayou_lagoon_a,
          infiniplex_staircase_pool_2
Lair:6:   evilmike_catoblepas_cave, layout_loops_ring,
          small_statue_intersection, st_stairs_5, disabler_island, uniq_urug
Swamp:1:  nicolae_swamp_standing_stones, layout_basic_swamp,
          hangedman_swamp_cone, uniq_frances
Swamp:2:  layout_basic_swamp, nicolae_swamp_small_spring
Swamp:3:  layout_basic_swamp, evilmike_swamp_ruin_house_2,
          infiniplex_staircase_pool
Swamp:4:  swamp_fiery, layout_basic_swamp, swamp_pool5, hangedman_swamp_pad,
          nicolae_swamp_baby_hydras
Snake:1:  layout_basic, ebering_ghost_disaster_area, grunt_ministairs_3,
          guppyfry_library_mini
Snake:2:  layout_misc_corridors, grunt_ministairs_15, grunt_megastairs_2
Snake:3:  layout_gridlike
Snake:4:  grunt_snake_rune_serpentine_throne, layout_cave_town,
          minmay_shoptagon, uniq_louise
Orc:1:    layout_diamond_mine, uniq_jorgrun
Orc:2:    kennysheep_orc_mage_school, layout_caves, basic_altar,
          hangedman_feature_mirror, mines2_david
Vaults:1: vaults_dpeg_ring, grunt_vaults_funnel, vaults_room_semicircle,
          ontoclasm_vaults_ligature, nicolae_vaults_meeting, vaults_room_boxed,
          nicolae_vaults_network_square, v_alt_pattern_1,
          nicolae_vaults_mini_display_case, v_misc_9, hangedman_vaults_slice,
          vaults_room_mumra_shop_pool, layout_vaults_maze, serial_shops,
          nicolae_shop_crystal
Vaults:2: nicolae_vaults_little_squares_2, minmay_crypt_entry_simple_corners,
          vaults_mumra_minichess, nicolae_vaults_network_s,
          ontoclasm_vaults_pinch, sword_in_stone,
          nicolae_vaults_little_squares_1, vaults_mumra_lcd,
          ontoclasm_vaults_twist, nicolae_vaults_network_star, v_misc_26,
          layout_vaults_omnicross
Vaults:3: nicolae_vaults_theta, nicolae_vaults_ring_of_whatevers, v_misc_9,
          v_misc_24, ontoclasm_vaults_ring_small, vaults_standard_mumra_lines,
          vaults_standard_mumra_x, ontoclasm_vaults_loading_screen,
          nicolae_vaults_yaktaur_gun_rack, layout_vaults_quadrants
Vaults:4: v_misc_26, v_alt_pattern_6, hangedman_vaults_impose,
          hangedman_vaults_slither, nicolae_vaults_rhombus_6, v_misc_23,
          hangedman_vaults_stream, v_rooms_4, hangedman_vaults_slice,
          ontoclasm_vaults_decontamination, nicolae_vaults_rhombus_6,
          nicolae_vaults_display_case, grunt_vaults_hallway_short,
          layout_vaults_omnibox, serial_glass, uniq_aizul
Vaults:5
Depths:1: evilmike_diamond_1, layout_gridlike, minmay_misc_feat_cross,
          hellmouth_1, nicolae_elemental_shop, minmay_misc_feat_room,
          eino_small_chamber_without_monster, minmay_holes,
          kennysheep_underground_church, uniq_nikola
Depths:2: kennysheep_spiral_hall, layout_twisted_cross, lemuel_crystal_altar,
          hell_entry, abandoned_shop, infiniplex_staircase_squiggle
Depths:3: minmay_central_circle, layout_honeycomb, grunt_mini_vestibule,
          grunt_pan_entry_sceptre, minmay_curled_crystal,
          infiniplex_staircase_spiral_double
Depths:4: constructs_gauntlet_mu_hangedman, layout_cave_shapes,
          enter_ziggurat_b, hangedman_abyss_or_decor_clamps, abyss_entry,
          hangedman_geh_valley, minmay_staircase_statues_hall_small
Depths:5: hangedman_slaughterboxes, hell_entry, abyss_entry, serial_shops
Zot:1:    layout_onion, bh_zot_ikea_curve, st_large_dragon_hoard_2
Zot:2:    kennysheep_oblong_rooms, layout_misc_corridors,
          st_grand_hoard_of_tiamat
Zot:3:    layout_concentric_octagons, bh_zot_lava_cross, grunt_megastairs_5
Zot:4:    layout_gridlike, st_large_dragon_hoard_3
Zot:5:    layout_basic, nicolae_lava_and_water

Skill      XL: |  1  2  3  4  5  6  7  8  9 10 11 12 13 14 15 16 17 18 19 20 21 22 23 24 25 26 27 |
---------------+----------------------------------------------------------------------------------+-----
Fighting       | 2 3 4 5 7 8 9 10 11 13 14 15 16 18 19 20 21 23 | 23.6
Stealth        | 1 2 |  2.0
Staves         | 3 4 6 7 9 10 11 13 14 | 14.0
Invocations    | 4 6 8 11 12 13 14 15 16 17 18 19 21 22 23 25 | 25.5
Evocations     | 1 5 7 9 10 | 10.0
Slings         | 1 4 8 9 10 11 12 13 | 13.9
Armour         | 1 4 5 7 8 9 10 11 12 14 15 16 17 20 | 20.0
Shields        | 3 4 |  4.0
Dodging        | 4 5 7 8 9 10 | 10.0
Throwing       | |  1.7

Action                   |  1- 3 |  4- 6 |  7- 9 | 10-12 | 13-15 | 16-18 | 19-21 | 22-24 | 25-27 || total
-------------------------+-------+-------+-------+-------+-------+-------+-------+-------+-------++-------
Melee: Quarterstaff      |    35 |    86 |   200 |   407 |       |       |       |       |       ||   728
       Bite              |     8 |    20 |    78 |   198 |   187 |   219 |   522 |   430 |   568 ||  2230
       Hunting sling     |       |       |       |     1 |       |       |       |       |       ||     1
       Trident           |       |       |       |   175 |   406 |   593 |  1013 |   457 |       ||  2644
       Whip              |       |       |       |    12 |       |       |       |       |       ||    12
       Lajatang          |       |       |       |       |       |       |       |   362 |  1009 ||  1371
 Fire: Hunting sling     |       |    26 |    45 |   133 |    72 |    81 |    25 |    11 |       ||   393
       Fustibalus        |       |       |       |       |   303 |  1005 |   681 |   579 |  1012 ||  3580
Throw: Boomerang         |    23 |     8 |       |       |       |       |       |       |       ||    31
       Stone             |       |    17 |       |       |       |       |       |       |       ||    17
       Throwing net      |       |       |     2 |    13 |       |       |       |       |       ||    15
       Dart              |       |       |       |       |     1 |       |       |       |     1 ||     2
Invok: Draw Destruction  |       |       |       |    13 |    19 |    59 |    27 |     5 |       ||   123
       Draw Escape       |       |       |       |     4 |     3 |    10 |    10 |     3 |     3 ||    33
       Draw Summoning    |       |       |       |     4 |     2 |    11 |    10 |     2 |     5 ||    34
       Deal Four         |       |       |       |       |       |     5 |     5 |     7 |    10 ||    27
       Draw Stack        |       |       |       |       |       |     1 |     4 |     5 |    14 ||    24
       Stack Five        |       |       |       |       |       |     1 |     1 |       |     3 ||     5
Evoke: Wand              |       |       |     6 |    22 |     2 |     7 |     4 |    20 |     4 ||    65
       Phantom mirror    |       |       |       |       |       |     1 |       |     1 |     3 ||     5
       Box of beasts     |       |       |       |       |       |       |       |     2 |     2 ||     4
       Phial of floods   |       |       |       |       |       |       |       |       |     5 ||     5
       Condenser vane    |       |       |       |       |       |       |       |       |     5 ||     5
       Tin of tremorston |       |       |       |       |       |       |       |       |     2 ||     2
  Use: Scroll            |       |     5 |     5 |    14 |    10 |     4 |     6 |    11 |    15 ||    70
       Potion            |       |       |       |     3 |     1 |       |     4 |     7 |     7 ||    22
 Stab: Sleeping          |     4 |       |       |       |       |       |       |       |       ||     4
       Held in net/web   |       |       |     3 |     5 |       |       |       |       |       ||     8
       Petrified         |       |       |     1 |       |       |       |    12 |       |    18 ||    31
       Distracted        |       |       |       |     2 |       |     1 |     3 |       |     2 ||     8
       Paralysed         |       |       |       |    13 |       |       |       |       |       ||    13
       Confused          |       |       |       |       |     1 |       |       |       |       ||     1
Armor: Leather armour    |     7 |    20 |    45 |   180 |       |       |       |       |       ||   252
       Plate armour      |       |       |       |    20 |   251 |   289 |   818 |   791 |       ||  2169
       Chain mail        |       |       |       |       |    86 |   215 |       |       |       ||   301
       Gold dragon scale |       |       |       |       |       |       |       |    50 |   945 ||   995
Dodge: Dodged            |    14 |    57 |   117 |   306 |   200 |   319 |   515 |   440 |   471 ||  2439
Block: Buckler           |       |       |       |       |       |   296 |   382 |   153 |       ||   831

Table legend: (Time is in decaauts)
 A = Elapsed time spent in this place.
 B = Non-inter-level travel time spent in this place.
 C = Inter-level travel time spent in this place.
 D = Time resting spent in this place.
 E = Time spent auto-exploring this place.
 F = Levels seen in this place.
 G = Mean time per level.
                   A        B        C        D        E       F      G
               +--------+--------+--------+--------+--------+-----+--------+
         Total |  70147 |  58173 |  11974 |   6518 |  35956 |  50 | 1402.9 |
       Dungeon |  16277 |  12187 |   4090 |    370 |   8655 |  15 | 1085.1 |
        Temple |     12 |     12 |      0 |      0 |      0 |   1 |   12.0 |
          Lair |   7410 |   6069 |   1341 |    108 |   4619 |   6 | 1235.0 |
         Swamp |   4734 |   4335 |    399 |    871 |   2605 |   4 | 1183.5 |
     Snake Pit |   5006 |   4545 |    461 |    108 |   3258 |   4 | 1251.5 |
  Orcish Mines |   2488 |   1656 |    832 |      0 |   1111 |   2 | 1244.0 |
        Vaults |   9990 |   8474 |   1516 |    201 |   6072 |   5 | 1998.0 |
        Depths |  10619 |   7819 |   2800 |    282 |   4910 |   5 | 2123.8 |
           Zot |  11327 |  10795 |    532 |   3940 |   4222 |   5 | 2265.4 |
      Ice Cave |   1345 |   1345 |      0 |    416 |    186 |   1 | 1345.0 |
       Volcano |    308 |    308 |      0 |     12 |    151 |   1 |  308.0 |
      Gauntlet |    627 |    627 |      0 |    207 |    167 |   1 |  627.0 |
               +--------+--------+--------+--------+--------+-----+--------+

Top non-repeatable levels by time:
   Zot:5: 5002 daAuts
Depths:5: 2876 daAuts
Depths:1: 2867 daAuts
Vaults:2: 2425 daAuts
 Swamp:4: 2162 daAuts
Depths:3: 2120 daAuts
Vaults:4: 2059 daAuts
   Zot:1: 1922 daAuts
Vaults:5: 1907 daAuts
Vaults:1: 1897 daAuts
    D:13: 1832 daAuts
  Lair:3: 1776 daAuts
   Orc:2: 1758 daAuts
Vaults:3: 1701 daAuts
     D:9: 1687 daAuts
